 Dungeon Crawl Stone Soup version 0.29.1-15-g9cfb28693d (webtiles) character file.

Game seed: 5132918532205954209

21 leafyfresh the Sneak (level 2, -7/21 HPs)
             Began as an Octopode Delver on Mar 4, 2023.
             Mangled by Menkaure (20 damage)
             ... on level 4 of the Dungeon.
             The game lasted 00:00:34 (418 turns).

leafyfresh the Sneak (Octopode Delver)               Turns: 418, Time: 00:00:36

Health: -7/21      AC:  1    Str: 11    XL:     2   Next: 83%
Magic:  2/2        EV: 13    Int: 12    God:
Gold:   20         SH:  0    Dex: 13    Spells: 1/1 levels left

rFire   . . .      SeeInvis .   a - +0 short sword
rCold   . . .      Faith    .   (no shield)
rNeg    . . .      Spirit   .   (helmet restricted)
rPois   .          Reflect  .   (no amulet)
rElec   .          Harm     .   (no ring)
rCorr   .          Rampage  .   (no ring)
Will    .....                   (no ring)
Stlth   ++++......              (no ring)
HPRegen 0.07/turn               (no ring)
MPRegen 0.08/turn               (no ring)
                                (no ring)
                                (no ring)

@: no status effects
A: almost no armour, amphibious, 8 rings, camouflage 1, gelatinous body 1,
(nimble swimmer 1), tentacles
a: no special abilities


You were on level 4 of the Dungeon.
You visited 1 branch of the dungeon, and saw 2 of its levels.

You collected 20 gold pieces.

Inventory:

Hand Weapons
 a - a +0 short sword (weapon)
Wands
 f - a wand of digging (3)
 h - a wand of paralysis (5)
Scrolls
 b - a scroll of fog
 c - a scroll of magic mapping
 d - a scroll of fear
Potions
 e - a potion of haste
 g - a potion of mutation {unknown}
 i - a potion of invisibility {unknown}


   Skills:
 + Level 3.3 Fighting
 - Level 2.0 Short Blades
 + Level 2.4 Dodging
 + Level 7.0 Stealth


You had one spell level left.
You didn't know any spells.
Your spell library was empty.

Dungeon Overview and Level Annotations

Branches:
Dungeon (5/15)
 Temple: D:4-7

Altars:

Annotations:
D:4 Menkaure


Innate Abilities, Weirdness & Mutations

You cannot wear most types of armour.
You are amphibious.
You can wear up to eight rings at the same time.
Your skin changes colour to match your surroundings (Stealth+).
Your rubbery body absorbs attacks. (AC +1, EV +1)
((You are camouflaged when in or above water. (Stealth+)))
You have tentacles for arms and can constrict up to eight enemies at once.


Message History

You kill the goblin!
Your Stealth skill increases to level 7!
No target in view!
No target in view!
i - a glowing white potion No target in view!
You open the door.
Menkaure, Prince of Dust comes into view.
Found a club.
There is an open door here.
Menkaure is nearby!
Menkaure is nearby!
You see here a +0 club.
The helpless Menkaure fails to defend himself.
You impale Menkaure!! You grab Menkaure.
Menkaure is severely damaged.
You constrict Menkaure. Menkaure misses you.
Unknown command.
You hit Menkaure but do no damage.
Menkaure is severely damaged.
You constrict Menkaure, but do no damage.
Menkaure barely misses you.
You hit Menkaure but do no damage.
Menkaure is severely damaged.
You constrict Menkaure, but do no damage.
Menkaure hits you!
You hit Menkaure but do no damage.
Menkaure is severely damaged.
You constrict Menkaure, but do no damage.
Menkaure closely misses you.
You hit Menkaure but do no damage.
Menkaure is severely damaged.
You constrict Menkaure. You hit Menkaure.
Menkaure is almost destroyed.
You constrict Menkaure.
Menkaure's ankle releases a plume of dust as he confides, "I'm not really a mummy, you know."
Menkaure hits you!!
Ouch! That really hurt!
You die...

#########
#......'###### #+
####.######≈≈≈≈≈#
#.##.##.####
#≈....#
#..........#
#≈@...#
###..#...#.#
#≈.M..#
#.....).#.#
######+
###...#...#.#
......#####.#
#.....# .#
##....# .#
......# ..
##...#####..


You could see Menkaure.

Vanquished Creatures
  An adder (D:4)
  An ufetubus (D:4)
  An endoplasm (D:4)
  3 goblins (D:4)
  A ball python (D:4)
7 creatures vanquished.

Notes
Turn   | Place    | Note
-------+----------+-------------------------------------------
     0 | D:5      | leafyfresh the Octopode Delver began the quest for the Orb.
     0 | D:5      | Reached XP level 1. HP: 16/16 MP: 1/1
    79 | D:4      | Reached XP level 2. HP: 9/21 MP: 2/2
   335 | D:4      | Reached skill level 7 in Stealth
   409 | D:4      | Noticed Menkaure
   418 | D:4      | Mangled by Menkaure

Illustrated notes

Levels and vault maps discovered:
D:4:      layout_loops_ring, serial_rivers, chequers_serial_rivers_micro_e,
          chequers_serial_rivers_micro_a, chequers_serial_rivers_room_a,
          chequers_serial_rivers_micro_d, chequers_serial_rivers_room_a,
          chequers_serial_rivers_micro_a, uniq_duvessa, uniq_menkaure,
          uniq_grinder
D:5:      layout_loops_cross, lemuel_zombie_altar_yredelemnul,
          grunt_temple_overflow_diamond, amcnicky_mini_corridor_feature

Skill      XL: |  1  2 |
---------------+-------+-----
Stealth        | 7 |  7.0
Fighting       | |  3.3
Short Blades   | |  2.0
Dodging        | |  2.4

Action                   || total
-------------------------++-------
Melee: Short sword       ||    18
       Tentacles         ||     2
       Constrict         ||     2
 Stab: Sleeping          ||     5
Armor: Skin              ||     1
Dodge: Dodged            ||     5
